[Event "Prague Open 2025"]
[Site "Prague"]
[Date "2025.01.14"]
[Round "6.1"]
[White "Sokhor, Nazar"]
[Black "Harshavardhan G B"]
[Result "0-1"]
[Annotator "TA"]
[ECO "A04"]
[WhiteElo "2265"]
[BlackElo "2405"]
[PlyCount "88"]
[EventDate "2025.01.07"]
[EventType "swiss"]
[EventCountry "CZE"]
[SourceTitle "playchess.com"]
[Source "ChessBase"]
[SourceQuality "1"]
[TimeControl "40/5400+30:1800+30"]

1. Nf3 c5 2. c3 Nf6 3. d4 e6 4. Bf4 Nc6 5. e3 h6 6. h3 d5 7. Nbd2 Bd6 8. Bxd6 Qxd6 9. dxc5 Qxc5 10. c4 d4 11. exd4 Nxd4 12. Nxd4 Qxd4 13. Qc2 Bd7 14. Be2 Qe5 15. Nf3 Qa5+ 16. Qd2 Qxd2+ 17. Nxd2 Rc8 18. Bf3 Ke7 19. Rc1 (19. Bxb7 Rb8 20. Bf3 Rxb2 $17) 19... b5 20. O-O bxc4 21. Nxc4 Bb5 22. Be2 Nd5 23. Rfd1 Rc5 24. b3 Rhc8 25. Bf1 R8c7 26. Ra1 a5 27. Rd2 a4 28. Re1 Bxc4 29. bxc4 Nb6 30. Rb2 (30. Rc1 $11 {keeps the balance.}) 30... Nxc4 $17 31. Rb4 Nd2 32. Rd1 (32. Rxa4 $2 {loses.} Rc1 33. Rxc1 Rxc1 $19) 32... Nxf1 33. Kxf1 {[%emt 0:00:02] [#]} (33. Rxa4 $17 Rc2 34. Rxf1) 33... Rc4 $1 $19 34. Rxc4 Rxc4 {[%emt 0:00:08][%mdl 4096] Endgame KR-KR. Black is a pawn up.} 35. Rd2 h5 36. Ke2 h4 37. Kd3 (37. Kd1 $142) 37... Rc1 38. Rb2 Rg1 39. f3 g5 {[%emt 0:00:56] Threatens to win with ...a3.} 40. Ke3 (40. Rf2 {is a better defense.}) 40... Re1+ 41. Kf2 Rc1 42. Ke3 f5 43. Kd2 Rg1 44. Kc3 a3 0-1

[Event "Prague Open 2025"]
[Site "Prague"]
[Date "2025.01.14"]
[Round "6.2"]
[White "Horak, Martin"]
[Black "Jain Kashish Manoj"]
[Result "0-1"]
[Annotator "TA"]
[ECO "A06"]
[WhiteElo "2357"]
[BlackElo "2363"]
[PlyCount "52"]
[EventDate "2025.01.07"]
[EventType "swiss"]
[EventCountry "CZE"]
[SourceTitle "playchess.com"]
[Source "ChessBase"]
[SourceQuality "1"]
[TimeControl "40/5400+30:1800+30"]

1. Nf3 d5 2. e3 Nf6 3. c4 c6 4. Nc3 a6 5. Be2 dxc4 6. Bxc4 b5 7. Be2 e6 8. d4 c5 9. O-O Bb7 10. b3 Nbd7 11. Bb2 Be7 12. a4 b4 13. Nb1 O-O 14. Nbd2 cxd4 15. Nxd4 Nc5 16. Nc4 Rc8 (16... Qc7 {is more complex.} 17. Rc1 Rac8 18. a5 Rcd8) 17. Rc1 Rc7 18. Qe1 Nd5 19. f3 Bg5 (19... e5 $6 20. Nf5 $14) 20. Qg3 $2 ({White should play} 20. Rd1 $15 Rd7 (20... Nxe3 21. Nxe6 Qe7 22. Nxc7 $14) (20... Bxe3+ 21. Nxe3 Nxe3 22. Nxe6 $16) 21. Kh1) 20... Nxe3 $19 (20... Bxe3+ $2 21. Nxe3 Nc3 (21... Nxe3 $2 22. Nb5 $18) 22. Bxc3 bxc3 23. Rfd1 $18) 21. Nxe3 (21. f4 $142 Nxc4 (21... Nxf1 22. Qxg5 f6 23. Qh5 $14) 22. Rxc4) 21... Bxe3+ 22. Kh1 Bxc1 (22... Bxd4 $2 {too greedy.} 23. Bxd4 Qxd4 24. Qxc7 $18) 23. Rxc1 {[%emt 0:02:45][%cal Od4c6] Nc6! is the strong threat.} f6 24. Bc4 (24. Qe1 $142) 24... Kh8 {[%emt 0:00:33] White must now prevent ...e5.} 25. h4 e5 26. Ne2 Qd2 0-1

[Event "Prague Open 2025"]
[Site "Prague"]
[Date "2025.01.14"]
[Round "6.3"]
[White "Lewtak, Damian"]
[Black "Radzimski, Antoni"]
[Result "1-0"]
[Annotator "TA"]
[ECO "C72"]
[WhiteElo "2359"]
[BlackElo "2289"]
[PlyCount "127"]
[EventDate "2025.01.07"]
[EventType "swiss"]
[EventCountry "CZE"]
[SourceTitle "playchess.com"]
[Source "ChessBase"]
[SourceQuality "1"]
[TimeControl "40/5400+30:1800+30"]

1. e4 e5 2. Nf3 Nc6 3. Bb5 a6 4. Ba4 d6 5. O-O Bd7 6. c3 g6 7. d4 Bg7 8. dxe5 Nxe5 9. Nxe5 dxe5 10. Bg5 Ne7 11. Bxd7+ Qxd7 12. Qxd7+ {[%emt 0:00:04] White is slightly better.} Kxd7 13. Rd1+ Ke6 14. Bxe7 Kxe7 15. Nd2 Rhd8 16. Nc4 Rxd1+ 17. Rxd1 Rd8 18. Rxd8 Kxd8 $11 {[%emt 0:00:24][%mdl 4096] Endgame. KB-KN} 19. Kf1 Kd7 20. Ke2 f6 21. Ne3 c6 22. g3 Bf8 23. a4 Bd6 24. f3 Bc7 25. Kd3 Ke6 26. Nc4 Kd7 27. Nd2 Ke6 28. h3 Kd7 29. c4 c5 30. Nf1 a5 31. Ne3 Bd8 32. Ke2 Ke6 33. Nd5 Kd6 34. Kf2 Ke6 35. Ke3 Kd6 36. h4 Ke6 37. Kf2 Kf7 38. Kg2 Ke6 39. Kh3 Kd6 40. h5 Ke6 41. Ne3 Bc7 42. Kg4 Bd6 43. Ng2 Be7 44. hxg6 hxg6 45. Nh4 Kf7 46. f4 Bd6 (46... exf4 $11 47. gxf4 Bf8) 47. f5 $16 g5 48. Ng2 Be7 49. Ne3 Kg7 50. Kh5 b6 51. Nd1 Bd8 52. Kg4 Kf7 53. Nc3 Kg7 54. Nb5 {[%emt 0:00:00] Kh5 would now be deadly.} Kf7 $2 {[%emt 0:00:00][%mdl 8192] Black cannot hold the game after this.} (54... Kh6 $16 55. Nc3 Bc7) 55. Kh5 $18 {[%emt 0:00:00] Strongly threatening Kh6.} Kg7 {[%emt 0:00:00] [#]} 56. Nd6 $1 Be7 {[%emt 0:00:00] [#]} 57. Ne8+ $1 Kf7 $2 (57... Kh7 58. Nc7 Kg7 59. Ne6+ Kf7) 58. Nc7 {[%emt 0:00:00] Black must now prevent Kh6. White is clearly winning.} Kg7 59. Ne6+ Kf7 60. Kh6 Bd6 {[%emt 0:00:00] Prevents Nc7} 61. Kh7 g4 62. Nd8+ Ke7 63. Nc6+ Kf7 64. Na7 {[%emt 0:00:00] Weighted Error Value: White=0.03 (flawless) /Black=0.11 (very precise) .  Loses game:     	---       	Black=1      Mistake:       	---       	Black=1      Inaccurate:     	White=2     	Black=1      OK:         	White=12    	Black=15     Best:        	White=1     	Black=1} 1-0

[Event "Prague Open 2025"]
[Site "Prague"]
[Date "2025.01.14"]
[Round "6.4"]
[White "Senthil Maran K"]
[Black "Zhukovskyi, Oleksandr"]
[Result "1-0"]
[Annotator "TA"]
[ECO "A46"]
[WhiteElo "2398"]
[BlackElo "2162"]
[PlyCount "91"]
[EventDate "2025.01.07"]
[EventType "swiss"]
[EventCountry "CZE"]
[SourceTitle "playchess.com"]
[Source "ChessBase"]
[SourceQuality "1"]
[TimeControl "40/5400+30:1800+30"]

1. d4 Nf6 2. Nf3 d5 3. g3 g6 4. Bg2 Bg7 5. c4 c6 6. Qb3 Qb6 7. Nc3 O-O 8. O-O Bf5 9. Na4 Qxb3 10. axb3 Na6 11. Bd2 Ne4 12. Ba5 Rfb8 (12... Be6 $11) 13. Rfc1 $14 g5 14. Be1 e6 15. e3 f6 16. Nd2 Nxd2 17. Bxd2 Bf8 18. Nc3 (18. Bf1 $14) 18... Rd8 19. Na4 Rdb8 (19... Nb4) 20. Bf1 $11 Nc7 21. Be1 Bd6 22. b4 dxc4 23. Rxc4 Be4 $1 24. Rcc1 Kf7 25. Be2 Bd5 26. Nc5 f5 27. f3 b6 28. Nd3 Ne8 (28... Nb5 $11) 29. Ne5+ (29. g4 {keeps more tension.} a5 30. bxa5 bxa5 31. Bxa5 Nf6 32. Bd1) 29... Bxe5 30. dxe5 h5 {[%emt 0:02:04] Black is weak on the dark squares} ({Black should play} 30... a5 $14) 31. h3 (31. e4 $1 $16 fxe4 32. fxe4 Bxe4 33. Bxh5+ Kg7 34. Be2) 31... g4 32. hxg4 hxg4 33. fxg4 fxg4 (33... Ng7 $142) 34. Bd3 {[%emt 0:00:05] and e4 should not be overlooked} Bf3 35. e4 {[%emt 0:00:01] White is more active.} (35. Kf2 $16) 35... Ng7 (35... Rd8 $11 {remains equal.} 36. Ba6 Rd7 (36... Bxe4 37. Bb7 $14)) 36. Rxc6 $16 Rh8 (36... Rb7 $16) 37. Rc7+ $18 Kg6 38. Raxa7 ({Better is} 38. Kf2 $18) 38... Rh1+ (38... Rxa7 $16 39. Rxa7 Rd8) 39. Kf2 Rh2+ $2 (39... Rxa7 {was necessary.} 40. Rxa7 Bd1) 40. Ke3 Rxa7 41. Rxa7 Rxb2 42. Rb7 Rg2 43. Rxb6 Rg1 44. Bf2 Rc1 45. b5 Kg5 46. Rb8 1-0

[Event "Prague Open 2025"]
[Site "Prague"]
[Date "2025.01.14"]
[Round "6.5"]
[White "Marek, Matyas"]
[Black "Diachek, Andrii"]
[Result "1/2-1/2"]
[Annotator "TA"]
[ECO "D04"]
[WhiteElo "2314"]
[BlackElo "2104"]
[PlyCount "68"]
[EventDate "2025.01.07"]
[EventType "swiss"]
[EventCountry "CZE"]
[SourceTitle "playchess.com"]
[Source "ChessBase"]
[SourceQuality "1"]
[TimeControl "40/5400+30:1800+30"]

1. Nf3 d5 2. d4 Nf6 3. e3 c5 4. b3 Nc6 5. Bb2 Bg4 6. Nbd2 e6 7. h3 Bh5 8. Bb5 Qb6 9. Bxc6+ Qxc6 10. g4 Bg6 11. Ne5 Qc7 12. Rc1 (12. c4 $11) 12... cxd4 $1 $15 13. exd4 Bb4 14. c3 Bd6 15. c4 dxc4 16. O-O {[%emt 0:04:21] [#]} c3 $1 17. Rxc3 Qd8 18. Qe2 O-O 19. Rg3 Rc8 20. Ndc4 b5 $36 {[%emt 0:07:24][%mdl 2048] Black has the initiative.} 21. Ne3 $2 ({White should play} 21. Nxd6 $15 Qxd6 22. Nxg6 hxg6 23. g5) 21... Bxe5 $19 22. dxe5 Ne4 23. Rg2 Nc3 $2 (23... Ng5 $19 {and Black stays clearly on top.} 24. Rg3 Bd3) 24. Bxc3 $17 Rxc3 25. Rd1 Rd3 26. Rg3 Rxd1+ 27. Nxd1 Qd4 {[%emt 0:00:50] Inhibits Nc3.} 28. Nc3 $1 a6 {[%emt 0:01:52] Threatens to win with ...b4.} 29. a3 Rd8 30. b4 h6 31. Re3 Bd3 32. Qd2 Bg6 33. Qe2 Bd3 34. Qd2 Bg6 1/2-1/2

[Event "Prague Open 2025"]
[Site "Prague"]
[Date "2025.01.14"]
[Round "6.6"]
[White "Mannion, Stephen R"]
[Black "Kulhanek, Tomas"]
[Result "0-1"]
[Annotator "TA"]
[ECO "B76"]
[WhiteElo "2159"]
[BlackElo "2313"]
[PlyCount "100"]
[EventDate "2025.01.07"]
[EventType "swiss"]
[EventCountry "CZE"]
[SourceTitle "playchess.com"]
[Source "ChessBase"]
[SourceQuality "1"]
[TimeControl "40/5400+30:1800+30"]

1. e4 c5 2. Nf3 d6 3. d4 cxd4 4. Nxd4 Nf6 5. Nc3 g6 6. Be3 Bg7 7. f3 O-O 8. Qd2 Nc6 9. O-O-O d5 10. exd5 Nxd5 11. Nxc6 bxc6 12. Bd4 e5 13. Bc5 Re8 14. Bc4 Be6 15. Ne4 Qc7 16. h4 {[%emt 0:00:10] aiming for h5.} Nf4 (16... Red8 {is interesting.} 17. h5 Nf4 18. Bd6 Qc8) 17. Bxe6 Nxe6 18. Bd6 Qb6 19. h5 (19. g4 $1 $14) 19... f5 $15 20. h6 Bh8 $1 21. Nc3 $1 {[%emt 0:00:24] [#]} e4 22. fxe4 $16 fxe4 23. Rh3 $2 (23. Rhe1 $16 {keeps the pressure on.}) 23... Nd4 (23... Rad8 $1 $17 24. Qe2 (24. Nxe4 $2 Qxb2#) 24... Bd4) 24. Re1 (24. Bf4 $11 {should be considered.}) 24... Nf5 (24... Rad8 $1 $15 25. Rxe4 (25. Nxe4 $2 Nf3 $17) 25... Rxe4 26. Nxe4 Be5 (26... Nf5 27. c3 $17)) 25. Qf4 (25. Ba3 $11 e3 26. Qe2) 25... Nxd6 $1 $17 26. Qxd6 Rab8 27. b3 (27. Qa3 $142) 27... Rbd8 28. Qf4 Qa5 29. Kb2 Be5 $40 {[%emt 0:02:27][%mdl 128] Black is out for blood. The board is on fire.} (29... Qf5 {simplifies} 30. Qxf5 gxf5 31. Kc1 Be5) 30. Qg4 Rd4 $1 {[%emt 0:05:19][%cal Oe4e3] Black is more active.} 31. Ree3 Bf6 $1 32. Rh1 (32. a3 $17) 32... Qf5 (32... Rd6 $19 33. Rd1 Bxc3+ 34. Rxc3 Rxd1 35. Qxd1 e3) 33. Qxf5 gxf5 34. Rf1 Re5 ({Black should play} 34... Rd6 $1 $19 35. Rxf5 Bd4 36. Rg5+ (36. Rg3+ $2 Rg6 $19) 36... Kf7) 35. Kb1 Kf7 36. Ne2 Rd8 37. c4 (37. g4 $17) 37... Bg5 38. Rg3 {[%emt 0:00:17] [#]} Bxh6 (38... Kf6 $1 $19 {[%cal Od8d2] ...Rd2! is the strong threat.} 39. Rc3 e3 (39... Bxh6 $2 40. Rh3 $19)) 39. Rh3 Kg7 40. Rh5 $2 {[%emt 0:01:15] [#] Wards off Bg5} (40. Rfh1 $17 Bg5 41. Rxh7+ Kf6 42. Rc7) 40... Kg6 $1 $19 41. Rfh1 Bg5 ({Weaker is} 41... Rd1+ 42. Rxd1 Kxh5 43. Rd7 $19) 42. Rxh7 $2 (42. g3 {might work better.} Rd1+ 43. Rxd1 Kxh5 44. Rd7) 42... Rd2 43. Nc3 e3 44. Rxa7 e2 45. Re1 Bh4 46. Rxe2 Rexe2 47. Nxe2 Rxe2 48. Rc7 Rxg2 (48... f4 $142 49. Rxc6+ Bf6) 49. Rxc6+ Bf6 50. Rc8 f4 0-1

[Event "Prague Open 2025"]
[Site "Prague"]
[Date "2025.01.14"]
[Round "6.7"]
[White "Vardanyan, Aras"]
[Black "Bezeyko, Olexander"]
[Result "1-0"]
[Annotator "TA"]
[ECO "E08"]
[WhiteElo "2312"]
[BlackElo "2050"]
[PlyCount "81"]
[EventDate "2025.01.07"]
[EventType "swiss"]
[EventCountry "CZE"]
[SourceTitle "playchess.com"]
[Source "ChessBase"]
[SourceQuality "1"]
[TimeControl "40/5400+30:1800+30"]

1. d4 d5 2. c4 e6 3. Nf3 Nf6 4. g3 Be7 5. Bg2 O-O 6. O-O Nbd7 7. Qc2 a5 8. h4 h6 9. a3 b6 (9... c6 $11) 10. cxd5 $1 $14 Nxd5 11. e4 N5f6 12. Bf4 c5 13. Nc3 Bb7 14. Rad1 cxd4 15. Rxd4 Rc8 16. Ne5 Qe8 $1 17. Nxd7 (17. Rfd1 $14 {might be stronger.} Nxe5 18. Bxe5) 17... Nxd7 $11 18. Rfd1 Nc5 19. Qe2 (19. Bd6 {simplifies} Bc6 20. e5 Bxg2 21. Kxg2 Bxd6 22. Rxd6 b5 23. Qe2) 19... Nb3 20. Rd7 $36 {[%emt 0:01:24][%mdl 2048] White is pushing.} Bc6 21. Ra7 Bc5 (21... b5 $14) 22. Qg4 $1 $18 Kh7 (22... Rd8 $142 23. Be5 (23. Bxh6 Rxd1+ 24. Nxd1 Bd4 $16) 23... g6 (23... Rxd1+ 24. Qxd1 f6 25. Bd6 $16)) 23. Be5 $1 Rg8 {[%emt 0:01:48] [#]} 24. Qf4 $1 Rf8 $2 {[%emt 0:00:47] [#]} (24... f6) 25. Nd5 $1 exd5 26. Qf5+ Kg8 27. exd5 Bd4 28. Rxd4 Nxd4 29. Bxd4 {[%emt 0:00:10] This pair of bishops is nice.} Qe1+ 30. Kh2 {[%emt 0:00:31][%cal Og2e4] Be4! is the strong threat.} Bd7 31. Rxd7 {[%emt 0:00:19][%cal Og2e4] Threatening mate with Be4!.} Rc1 32. h5 Qg1+ 33. Kh3 Qd1 {[%emt 0:00:57] [#]} 34. Be4 $1 Qf1+ 35. Kg4 Qe2+ 36. Kh3 Qf1+ 37. Kh4 g5+ 38. hxg6 Qh1+ 39. Bxh1 Rxh1+ 40. Kg4 h5+ 41. Kf3 1-0

[Event "Prague Open 2025"]
[Site "Prague"]
[Date "2025.01.14"]
[Round "6.8"]
[White "Tolmacevs, Artjoms"]
[Black "Verner, Matej"]
[Result "1-0"]
[Annotator "TA"]
[ECO "B32"]
[WhiteElo "2252"]
[BlackElo "1948"]
[PlyCount "61"]
[EventDate "2025.01.07"]
[EventType "swiss"]
[EventCountry "CZE"]
[SourceTitle "playchess.com"]
[Source "ChessBase"]
[SourceQuality "1"]
[TimeControl "40/5400+30:1800+30"]

1. e4 c5 2. Nf3 Nc6 3. d4 cxd4 4. Nxd4 e5 5. Nb5 d6 6. N1c3 a6 7. Na3 Be7 8. Nc4 b5 9. Ne3 Nf6 10. Bd3 Nb4 11. O-O O-O 12. a4 Bb7 13. axb5 axb5 14. Rxa8 Qxa8 ({Better is} 14... Bxa8 $14 15. Bxb5 (15. Nxb5 Nxe4 16. c4 Nf6 $11) 15... Nxe4) 15. Nf5 $16 (15. Nxb5 $6 g6 $14) (15. Bxb5 Rb8) 15... Qd8 16. Bxb5 {[%emt 0:02:54] White is more active.} d5 (16... Bc8 $16) 17. exd5 $18 Nbxd5 18. Nxd5 Nxd5 19. c4 Nc7 {[%emt 0:01:29] [#]} (19... Nf6 $142 20. Qxd8 Bxd8) 20. Qg4 $1 $40 {[%emt 0:02:04][%csl Gf5][%cal Rg4g7][%mdl 128] Black is in trouble.} Bf6 21. Rd1 Qa8 22. Bd7 Rd8 (22... Be4 $16 23. Be3 Bxf5 24. Bxf5 (24. Qxf5 Rb8 $18) 24... g6) 23. Be3 h5 24. Nh6+ (24. Qxh5 Bxg2 25. Qg4 Bf3 26. Nh6+ Kh8 27. Nxf7+ Kg8 28. Nh6+ Kh8 29. Nf7+ Kg8 30. Nh6+ Kh8 31. Nf7+ $11) 24... Kh7 25. Qxh5 (25. Qf5+ g6 26. Qxf6 Rxd7 $14) 25... gxh6 (25... g6 {was worth a try.} 26. Qg4 (26. Nxf7+ $2 gxh5 27. Bf5+ Kg8 $19) 26... Kg7) 26. Qxh6+ Kg8 27. Qxf6 Ne6 {[%emt 0:03:20][%cal Od8d7] Repels Qg5+} 28. Qh4 {[%emt 0:03:44] Black must now prevent Qg3+.} ({Weaker is} 28. Qxe5 Rxd7 29. Re1 (29. Qg3+ Ng7 $11) 29... Qa6 $11) 28... Kf8 (28... Bc8 $142 29. Qg4+ Kh7) 29. Bh6+ ({Not} 29. Bb6 Rxd7 30. Qh8+ Ke7 31. Qh4+ Ke8 $11) 29... Kg8 30. Qg4+ Kh7 31. Bxe6 (31. Bg5 $142) 1-0

[Event "Prague Open 2025"]
[Site "Prague"]
[Date "2025.01.14"]
[Round "6.9"]
[White "Musil, Vitezslav"]
[Black "Colijn, Stefan"]
[Result "0-1"]
[Annotator "TA"]
[ECO "A13"]
[WhiteElo "1937"]
[BlackElo "2315"]
[PlyCount "66"]
[EventDate "2025.01.07"]
[EventType "swiss"]
[EventCountry "CZE"]
[SourceTitle "playchess.com"]
[Source "ChessBase"]
[SourceQuality "1"]
[TimeControl "40/5400+30:1800+30"]

1. Nf3 d5 2. c4 e6 3. g3 Nf6 4. Bg2 d4 5. d3 Bd6 (5... c5 $11 {keeps the balance.}) 6. Nbd2 ({White should play} 6. Nxd4 $16 e5 7. Nb5) 6... c5 {[%emt 0:00:40] [#]} ({Black should play} 6... Nc6 $11) 7. b4 $1 $14 Nbd7 (7... Nc6 8. b5) 8. bxc5 Nxc5 9. Nb3 Nxb3 10. axb3 O-O 11. O-O (11. Nxd4 $2 {too greedy.} Bb4+ 12. Kf1 Qxd4 $19) 11... e5 12. Ba3 Re8 13. Nd2 a6 14. Bxd6 Qxd6 15. Ne4 Nxe4 16. Bxe4 Rb8 17. Qd2 Bd7 18. Ra5 Bc6 19. Bxc6 Qxc6 20. Rd5 Rbd8 21. Rxd8 Rxd8 {[%emt 0:00:03][%mdl 4096] Endgame KQR-KQR} 22. Ra1 h6 23. Ra5 b5 24. Qa2 Rd6 25. cxb5 (25. b4 $14) 25... axb5 $11 26. b4 e4 27. Ra7 Re6 {[%emt 0:01:47] and ...exd3 would now be decisive} 28. Ra8+ Kh7 29. dxe4 $1 Qxe4 30. Rd8 Rc6 $40 {[%emt 0:01:07][%cal Rc6c1][%mdl 128] Black mounts an attack.} 31. f3 Qe7 32. Qb1+ $2 (32. Qd5 $11) 32... g6 $19 {[%emt 0:00:09] Active counter play!} 33. Rd5 Qxe2 0-1

[Event "Prague Open 2025"]
[Site "Prague"]
[Date "2025.01.14"]
[Round "6.10"]
[White "Lalic, Bogdan"]
[Black "Salgovic, Simon"]
[Result "1-0"]
[Annotator "TA"]
[ECO "E11"]
[WhiteElo "2321"]
[BlackElo "2102"]
[PlyCount "77"]
[EventDate "2025.01.07"]
[EventType "swiss"]
[EventCountry "CZE"]
[SourceTitle "playchess.com"]
[Source "ChessBase"]
[SourceQuality "1"]
[TimeControl "40/5400+30:1800+30"]

1. d4 Nf6 2. c4 e6 3. Nf3 Bb4+ 4. Bd2 a5 5. g3 b6 6. Bg2 Bb7 7. O-O Bxd2 8. Qxd2 O-O 9. Nc3 Ne4 10. Nxe4 Bxe4 11. Qf4 f5 12. Rad1 d6 13. Ng5 Bxg2 14. Kxg2 Qe7 15. d5 e5 16. Qh4 $40 {[%emt 0:00:38][%csl Gg5][%cal Rh4h7][%mdl 128] White has some attack.} h6 17. Ne6 Qxh4 18. gxh4 Rf7 19. f4 e4 ({Black should try} 19... exf4 $14 20. Rxf4 Na6) 20. Kf2 {[%emt 0:01:21] White has more active pieces. The black rooks are passive.} Na6 21. Ke3 Nc5 {[%emt 0:01:48] [#]} 22. Nd4 $1 Kh7 23. Rg1 g6 24. Rg3 Rf6 25. b3 Rg8 26. a3 Ra8 {[%emt 0:00:29] [#]} 27. h5 $1 g5 28. Rf1 (28. fxg5 f4+ 29. Kd2 hxg5 30. Rxg5 a4) 28... Rg8 {[%emt 0:00:41] [#]} (28... g4 $16 29. Rfg1 Rf7) 29. b4 $1 $18 (29. fxg5 $6 hxg5 30. Rxf5 (30. Nxf5 Nxb3 31. Rg4 Nc5 $14) 30... Rxf5 31. Nxf5 Nxb3 $16) 29... axb4 30. axb4 Nd7 31. fxg5 hxg5 {[%emt 0:00:23] White must now prevent ...f4+.} 32. Rxf5 (32. Nxf5 $6 Ne5) 32... Rxf5 33. Nxf5 {[%emt 0:00:06][%mdl 4096] Endgame KRN-KRN. White is a pawn up.} Ne5 (33... g4 {might work better.} 34. Nd4 (34. Kxe4 Nf6+ 35. Kd4 Rg5 $16) 34... Kh6 35. Kxe4 Rf8) 34. Kd4 (34. Kxe4 Kh8 35. Ne3 (35. c5 bxc5 36. bxc5 Nf7 $18) 35... Kh7 $18) 34... g4 35. Ra3 {[%emt 0:00:34][%cal Oa3a7] Hoping for Ra7!.} ({Inferior is} 35. Kxe4 Rg5 $14) 35... Rf8 36. Kxe4 Nxc4 37. Ra7 Rf7 38. Kf4 Nd2 (38... Ne3 $142) 39. e4 1-0

[Event "Prague Open 2025"]
[Site "Prague"]
[Date "2025.01.14"]
[Round "6.11"]
[White "Shapovalovi, Vasiko"]
[Black "Golis, Wiktor"]
[Result "1-0"]
[Annotator "TA"]
[ECO "A13"]
[WhiteElo "2078"]
[BlackElo "2314"]
[PlyCount "85"]
[EventDate "2025.01.07"]
[EventType "swiss"]
[EventCountry "CZE"]
[SourceTitle "playchess.com"]
[Source "ChessBase"]
[SourceQuality "1"]
[TimeControl "40/5400+30:1800+30"]

1. c4 e6 2. Nf3 d5 3. e3 Nf6 4. b3 c5 5. cxd5 exd5 6. Bb2 Nc6 7. Be2 Bd6 8. O-O O-O 9. d4 Re8 10. Nc3 a6 11. Rc1 cxd4 $1 12. Nxd4 Nxd4 13. Qxd4 Be5 14. Qh4 Be6 15. Na4 Bxb2 16. Nxb2 Qa5 {[%emt 0:00:08] Prevents Qb4.} 17. Qd4 {[%emt 0:08:58] Prevents Qd2.} Qxa2 (17... Qa3 $11) 18. Ra1 $1 $16 Qxb3 19. Bd1 $1 Qb5 {[%emt 0:00:54] ...Rec8 is the strong threat.} 20. Ba4 Qe2 21. Rfe1 Qh5 22. Bxe8 Rxe8 23. Nd3 Bd7 24. Qb6 (24. Nc5 $142 $1) 24... Bb5 25. Nf4 (25. Nc5 $1 $16) 25... Qe5 26. Rad1 {[%emt 0:01:08][%mdl 1024] White has compensation.} (26. Qxb7 g5 27. Nh3 Ng4 $11) 26... g5 27. Ne2 {[%emt 0:01:13] And now Nd4 would win.} Ng4 28. Ng3 (28. Qxb7 $2 {gets mated.} Qxh2+ 29. Kf1 Qh1#) 28... Bc6 29. Qb1 Re6 30. Qf5 Nh6 31. Qxe5 Rxe5 32. Ra1 Nf5 33. Ne2 h5 34. Nc3 d4 35. exd4 Rxe1+ 36. Rxe1 Nxd4 37. Ne4 Bxe4 (37... a5 $11 {remains equal.}) 38. Rxe4 $11 {[%emt 0:00:04] KR-KN} Ne6 39. h4 $1 Kg7 (39... Kf8 $16 40. Kf1 gxh4 41. Rxh4 Ng7) 40. hxg5 $18 Kg6 (40... b5 $142 41. f4 a5) 41. f4 Kf5 $2 {[%emt 0:30:26] [#]} (41... b5 42. Kf2 Nc5) 42. Re5+ $1 (42. Rb4 Nxf4 43. Rxb7 Kg6 $18) 42... Kxf4 {[%emt 0:00:23] [#]} 43. Rxe6 $1 1-0

[Event "Prague Open 2025"]
[Site "Prague"]
[Date "2025.01.14"]
[Round "6.12"]
[White "Rybackova, Lucie"]
[Black "Pourquet, Matthieu"]
[Result "0-1"]
[Annotator "TA"]
[ECO "A00"]
[WhiteElo "2077"]
[BlackElo "2262"]
[PlyCount "56"]
[EventDate "2025.01.07"]
[EventType "swiss"]
[EventCountry "CZE"]
[SourceTitle "playchess.com"]
[Source "ChessBase"]
[SourceQuality "1"]
[TimeControl "40/5400+30:1800+30"]

1. g3 c5 2. Bg2 g6 3. Nf3 Bg7 4. O-O Nc6 5. c4 e5 6. e4 Nge7 7. Nc3 O-O 8. d3 d6 9. Ne1 a6 10. Nc2 Rb8 11. a4 Be6 12. Rb1 a5 13. Ne3 Nb4 14. Ned5 Nexd5 15. cxd5 Bd7 16. f4 Qb6 {[%emt 0:18:08] ...c4+ would now be deadly.} 17. fxe5 {[%emt 0:09:52] [#]} ({White should play} 17. Kh1 $15) 17... c4+ $1 $19 18. Kh1 (18. d4 $2 dxe5 19. Nb5 Rbc8 $19 (19... exd4 20. Kh1 $19)) 18... Nxd3 ({Weaker is} 18... cxd3 19. exd6 Qxd6 20. Bf4 $11) 19. Qe2 Nxe5 (19... dxe5 20. Bd2 $17) 20. Bf4 Rbc8 21. Be3 Qb4 22. Qc2 Nd3 23. Bd2 (23. h4 $142) 23... Qc5 24. h3 h5 25. Ne2 Nb4 26. Bxb4 $2 (26. Qd1) 26... axb4 ({Don't do} 26... Qxb4 27. Nc3 $19) 27. b3 b5 28. axb5 Bxb5 0-1

[Event "Prague Open 2025"]
[Site "Prague"]
[Date "2025.01.14"]
[Round "6.13"]
[White "Chan, Kim Yew"]
[Black "Mensing, Adrian"]
[Result "1-0"]
[Annotator "TA"]
[ECO "A04"]
[WhiteElo "2258"]
[BlackElo "2028"]
[PlyCount "37"]
[EventDate "2025.01.07"]
[EventType "swiss"]
[EventCountry "CZE"]
[SourceTitle "playchess.com"]
[Source "ChessBase"]
[SourceQuality "1"]
[TimeControl "40/5400+30:1800+30"]

1. Nf3 g6 2. e4 Bg7 3. d4 d6 4. Be2 c6 5. O-O d5 6. e5 c5 7. c3 ({Better is} 7. Nc3 $16) 7... Nc6 $14 8. h3 f6 9. Bb5 (9. dxc5 fxe5 10. Na3 Nh6 $11) 9... a6 (9... fxe5 $16 10. Nxe5 Qb6) 10. Bxc6+ $18 bxc6 {[%emt 0:00:03] Black is weak on the dark squares} 11. Re1 ({Don't play} 11. dxc5 $6 fxe5 12. Re1 e4 $11) 11... cxd4 12. cxd4 f5 13. Nc3 c5 $2 (13... e6 {keeps fighting.} 14. Na4 h6) 14. dxc5 Bb7 (14... e6 $142 15. Qa4+ Qd7) 15. Nd4 Kf7 {[%emt 0:13:36] Dodges Ne6} 16. Qb3 Rb8 17. c6 Ba8 18. Qxd5+ Qxd5 19. Nxd5 1-0